 Dungeon Crawl Stone Soup version 0.27.0-1-g7a089689b8 (webtiles) character file.

Game seed: 17267995944756835420

102 sanka the Skirmisher (level 4, -2/44 HPs)
             Began as a Naga Summoner on Aug 9, 2021.
             Slain by an orc (4 damage)
             ... on level 2 of the Dungeon.
             The game lasted 00:04:53 (2939 turns).

sanka the Skirmisher (Naga Summoner)                Turns: 2939, Time: 00:04:53

Health: -2/44      AC:  2    Str: 10    XL:     4   Next: 77%
Magic:  3/7        EV:  9    Int: 17    God:
Gold:   84         SH:  0    Dex: 11    Spells: 4/7 levels left

rFire    . . .     SeeInvis +   c - +1 short sword (drain)
rCold    . . .     Faith    .   (no shield)
rNeg     . . .     Spirit   .   a - +0 robe
rPois    +         Reflect  .   (no helmet)
rElec    .         Harm     .   (no cloak)
rCorr    .         Rampage  .   (no gloves)
Will     .....                  (no barding)
Stlth    ++........             (no amulet)
HPRegen  0.14/turn              (no ring)
MPRegen  0.10/turn              (no ring)

@: very slow
A: AC +1, large, see invisible, deformed body, poison resistance, slowness 2,
spit poison 1, naga tail 1
a: Spit Poison


You were on level 2 of the Dungeon.
You visited 1 branch of the dungeon, and saw 3 of its levels.

You collected 84 gold pieces.


Innate Abilities, Weirdness & Mutations

Your serpentine skin is tough. (AC +1)
You have supernaturally acute eyesight. (SInv)
Armour fits poorly on your strangely shaped body.
Your system is resistant to poisons. (rPois)
You cover ground very slowly.
You can spit poison.
You have a snake-like lower body.


   Skills:
 + Level 4.2 Fighting
 - Level 1.5 Dodging
 - Level 3.0 Stealth
 - Level 2.0 Spellcasting
 - Level 4.0 Summonings


You had 4 spell levels left.
You knew the following spells:

 Your Spells              Type           Power      Damage    Failure   Level
x - Call Imp              Summ           15%        N/A       5%          2
z - Summon Small Mammal   Summ           60%        N/A       3%          1

Your spell library contained the following spells:

 Spells                   Type           Power      Damage    Failure   Level
 Call Canine Familiar     Summ           15%        N/A       11%         3
 Magic Dart               Conj           4%         1d3       19%         1
 Summon Guardian Golem    Hex/Summ       8%         N/A       26%         3
 Mephitic Cloud           Conj/Pois/Air  1%         N/A       50%         3
 Summon Lightning Spire   Summ/Air       8%         N/A       63%         4

Inventory:

Hand Weapons
 b - a +0 short sword
 c - a +1 short sword of draining (weapon)
Missiles
 g - 12 poisoned darts
Armour
 a - a +0 robe (worn)
Scrolls
 e - a scroll of immolation {unknown}
 f - 2 scrolls of identify {unknown}
 h - a scroll of teleportation {unknown}
 k - a scroll of silence {unknown}
Potions
 d - a potion of brilliance {unknown}
 i - a potion of magic {unknown}
 l - a potion of degeneration {unknown}

Dungeon Overview and Level Annotations

Branches:
Dungeon (3/15)

Altars:
Zin

Annotations:
D:2 Natasha
D:3 exclusions: orc and orc wizard

▒.▒...▒.▒▒▒▒▒▒▒......
▒.▒.▒.▒..............
▒.▒.▒.▒.▒▒▒▒▒▒▒......
▒.▒.▒.▒.▒ ▒......
▒.▒.▒.▒.▒ ▒......
▒.▒.▒.▒.▒ ▒......
▒.▒5▒.▒.▒ ▒†.....
▒.▒.▒5▒.▒▒▒▒▒▒▒▒▒▒▒▒▒
▒.▒.No)>.............
▒.▒▒▒o▒▒▒▒▒▒▒...▒▒▒▒▒
▒.▒.▒................
▒.▒....▒▒▒▒▒▒...▒▒▒▒▒
▒.▒.▒▒.▒▒▒▒▒▒▒▒▒▒▒▒▒
▒.▒.▒▒.▒▒..........▒
▒.▒.▒▒.▒▒..........▒
▒..................▒
▒▒▒................▒


You could see 2 orcs and 2 friendly crimson imps.


Message History

The orc hits you with a +0 whip.
* * * LOW HITPOINT WARNING * * *
The orc hits you with a +0 short sword.
* * * LOW HITPOINT WARNING * * *
It was a potion of curing.
The orc barely misses you. The orc closely misses you.
The orc hits you with a +0 short sword.
* * * LOW HITPOINT WARNING * * *
Your crimson imp barely misses the orc.
You hit the orc. You drain the orc.
You kill the orc!
The orc barely misses you. The orc hits you with a +0 short sword.
* * * LOW HITPOINT WARNING * * *
Unknown command.
The orc hits your crimson imp but does no damage.
The orc hits you with a +0 short sword.
* * * LOW HITPOINT WARNING * * *
The orc closely misses you.
Things that are here:
a +0 club; a +0 club; an orc corpse Your crimson imp closely misses the orc.
Your crimson imp hits the orc.
A beastly little devil appears in a puff of flame.
The orc completely misses you.
Your crimson imp hits the orc.
The orc hits you with a +0 short sword.
You die...

Action                   |  1- 3 |  4- 6 || total
-------------------------+-------+-------++-------
Melee: Short sword       |    66 |    44 ||   110
 Cast: Summon Small Mamm |     6 |       ||     6
       Call Imp          |       |     3 ||     3
Invok: Renounce Religion |     1 |       ||     1
 Abil: Spit Poison       |    11 |     9 ||    20
  Use: Potion            |       |     1 ||     1
 Stab: Sleeping          |     3 |       ||     3
Armor: Robe              |    13 |     8 ||    21
Dodge: Dodged            |    29 |    38 ||    67

Levels and vault maps discovered:
D:1:      minmay_arrival_glassed_features, layout_loops_ring,
          chequers_ecumenical_altar_simple, minmay_ruptured
D:2:      layout_basic, minmay_between, uniq_natasha
D:3:      layout_basic, lemuel_coloured_pillars_altar

Notes
Turn   | Place    | Note
-------+----------+-------------------------------------------
     0 | D:1      | sanka the Naga Summoner began the quest for the Orb.
     0 | D:1      | Reached XP level 1. HP: 15/15 MP: 3/3
    77 | D:1      | Reached skill level 1 in Fighting
   102 | D:1      | Reached XP level 2. HP: 16/25 MP: 3/5
   222 | D:1      | Found a faded altar of an unknown god.
   230 | D:1      | Became a worshipper of Zin the Law-Giver
   230 | D:1      | Reached * piety under Zin
   240 | D:1      | Fell from the grace of Zin
   562 | D:1      | Reached skill level 2 in Fighting
   660 | D:1      | Learned a level 2 spell: Call Imp
   820 | D:1      | Reached XP level 3. HP: 28/33 MP: 6/6
  1370 | D:2      | Reached skill level 3 in Fighting
  1571 | D:2      | Noticed Natasha
  1633 | D:2      | Reached XP level 4. HP: 27/42 MP: 7/7
  2181 | D:2      | Reached skill level 4 in Fighting
  2933 | D:2      | HP: 3/44 [orc (3)]
  2933 | D:2      | HP: 1/44 [orc (2)]
  2939 | D:2      | Slain by an orc

Vanquished Creatures
  2 adders (D:2)
  An adder skeleton (D:2)
  3 worms (D:2)
  2 dart slugs (D:1)
  An orc (D:2)
  3 endoplasms (D:2)
  2 giant cockroaches
  8 goblins
  2 hobgoblins (D:1)
  10 jackals (D:2)
  3 quokkas
  3 ball pythons
  4 bats
  3 frilled lizards
  7 kobolds
  4 rats
58 creatures vanquished.

Vanquished Creatures (collateral kills)
  A bat (D:1)
  A hobgoblin (D:1)
  A kobold (D:1)
3 creatures vanquished.

Grand Total: 61 creatures vanquished
